Map: Abiogenesis LE

Players

Elazer - Winner!

  • Race: Zerg Zerg
  • Spawn Location: 11:00

Stats

  • Race: Protoss Protoss
  • League: Master
  • Spawn Location: 5:00

Event: Memes & Dreams Invitational

VOD

Have the link to the VOD?

Description

Time

  • Played on: April 14, 2018, 10:51 p.m.
  • Length: 4:39

All games in this series

Show
View Real Time Build Order
Export as new Build Order

Elazer Zerg - Winner!

Build Orders: Pool First 

Get SALT Encoding   

  12  0:02  Drone  
  13  0:12  Overlord  
  13  0:17  Drone  
  14  0:31  Drone x2  
  14  0:35  Drone  
  17  0:45  Extractor  
  17  0:46  Drone  
  17  0:49  Spawning Pool  
  16  0:56  Drone  
  17  1:08  Drone  
  18  1:20  Hatchery  
  18  1:23  Drone  
  18  1:36  Queen  
  18  1:37  Zergling x2  
  21  1:43  Drone  
  21  1:46  Metabolic Boost  
  22  1:58  Roach Warren  
  21  2:04  Overlord  
  21  2:08  Zergling x2  
  22  2:17  Overlord  
  22  2:31  Queen  
  24  2:38  Roach  
  24  2:39  Roach  
  24  2:42  Roach  
  30  2:49  Roach  
  31  2:53  Roach  
  31  2:56  Roach  
  35  3:01  Roach  
  37  3:07  Roach  
  37  3:12  Roach  
  41  3:16  Zergling x2  
  43  3:20  Zergling x2  
  43  3:24  Zergling x2  
  44  3:28  Overlord  
  44  3:47  Ravager  
  45  3:49  Zergling x10  
  50  3:57  Zergling x2  
  50  3:58  Zergling x2  
  51  4:10  Ravager  
Show
View Real Time Build Order
Export as new Build Order

Stats Protoss 

Build Orders: 1 Gate Expand, Oracle Opening 

Get SALT Encoding   

  12  0:00  Probe  
  13  0:12  Probe  
  14  0:19  Pylon  
  14  0:25  Probe  
  15  0:37  Probe (Chrono Boost)  
  16  0:43  Gateway  
  16  0:47  Probe (Chrono Boost)  
  16  0:48  Assimilator  
  17  0:52  Probe (Chrono Boost)  
  18  1:03  Probe  
  19  1:16  Probe  
  20  1:25  Nexus  
  20  1:35  Cybernetics Core  
  20  1:38  Probe  
  21  1:44  Assimilator  
  21  1:50  Probe  
  21  1:54  Pylon  
  22  2:02  Probe  
  23  2:10  Adept (Chrono Boost)  
  23  2:14  Probe  
  26  2:19  Stargate  
  26  2:26  Probe  
  26  2:28  Warp Gate  
  27  2:31  Adept (Chrono Boost)  
  27  2:37  Probe  
  30  2:39  Probe  
  31  2:49  Probe  
  32  2:51  Probe  
  32  2:52  Adept  
  35  3:02  Void Ray (Chrono Boost)  
  39  3:08  Probe  
  39  3:09  Probe  
  41  3:15  Pylon  
  41  3:20  Probe  
  41  3:21  Probe  
  41  3:26  Shield Battery  
  43  3:35  Oracle (Chrono Boost)  
  43  3:36  Probe x2  
  43  3:40  Shield Battery  
  48  3:44  Shield Battery  
  48  3:48  Pylon  
  51  4:12  Gateway x2  
  51  4:14  Gateway  
Tags
 
Add a new tag
Caveats
  • Supply blocks, unpowered buildings, or Contaminate may cause inaccurate times.
  • Supply counts are checked every 10 seconds.